 Dungeon Crawl Stone Soup version 0.22-a0-240-g539252a (webtiles) character file.

6028 RoseArtemis the Carver (level 10, -10/81 HPs)
             Began as a Minotaur Fighter on Feb 21, 2018.
             Was a Believer of Hepliaklqana.
             Mangled by a yak (14 damage)
             ... on level 9 of the Dungeon.
             The game lasted 00:22:36 (10113 turns).

RoseArtemis the Carver (Minotaur Fighter)          Turns: 10113, Time: 00:22:36

Health: -10/81     AC:  9    Str: 28    XL:     10   Next: 56%
Magic:  9/9        EV:  6    Int:  5    God:    Hepliaklqana [**....]
Gold:   459        SH: 17    Dex: 11    Spells: 9/9 levels left

rFire    x . .     SeeInvis +   a - +1 long sword
rCold    + . .     Gourm    .   G - +0 large shield
rNeg     . . .     Faith    .   b - +0 scale mail
rPois    .         Spirit   .   (helmet restricted)
rElec    .         Reflect  .   z - +0 cloak
rCorr    .         Harm     .   (no gloves)
MR       .....                  (no boots)
Stlth    ..........             (no amulet)
HPRegen  0.23/turn              w - ring of ice
MPRegen  0.11/turn              y - ring of see invisible

@: mighty
A: retaliatory headbutt, reduced essence, horns 2
a: Recall Ancestor, Ancestor Identity, Renounce Religion


You were on level 9 of the Dungeon.
You worshipped Hepliaklqana.
Hepliaklqana was pleased with you.
You were not hungry.

You visited 2 branches of the dungeon, and saw 10 of its levels.

You collected 519 gold pieces.
You spent 60 gold pieces at shops.

Inventory:

Hand Weapons
 a - a +1 long sword (weapon)
Armour
 b - a +0 scale mail (worn)
 c - a +0 shield
 z - a +0 cloak (worn)
 G - a +0 large shield (worn)
Jewellery
 p - an uncursed amulet of the gourmand
 u - a +3 ring of slaying
 w - a ring of ice (left hand)
 y - a ring of see invisible (right hand)
 H - a cursed ring of teleportation {unknown}
Wands
 v - a wand of random effects (21)
 E - a wand of enslavement (19)
Scrolls
 h - a scroll of remove curse
 i - 3 scrolls of teleportation {unknown}
 l - 2 scrolls of magic mapping {unknown}
 q - 7 scrolls of amnesia
 r - 2 scrolls of fear {unknown}
 s - 2 scrolls of blinking
 t - a scroll of fog {unknown}
 x - a scroll of enchant weapon
 D - a scroll of noise {unknown}
 F - a scroll of torment {unknown}
Potions
 e - 4 potions of curing
 g - a potion of brilliance {unknown}
 j - a potion of heal wounds {unknown}
 m - a potion of agility {unknown}
 n - 4 potions of lignification {unknown}
 o - 3 potions of flight {unknown}
 A - a potion of ambrosia {unknown}
 B - a potion of resistance {unknown}
 C - a potion of cancellation {unknown}
Comestibles
 f - 10 rations


   Skills:
 + Level 9.6 Fighting
 * Level 13.5 Long Blades
 - Level 8.0 Armour
 + Level 7.5 Shields


You had 9 spell levels left.
You didn't know any spells.

Dungeon Overview and Level Annotations

Branches:
Dungeon (9/15)             Temple (1/1) D:5
   Lair: D:8-11         Orc: D:9-12

Altars:
Ashenzari
Cheibriados
Dithmenos
Elyvilon
Fedhas
Gozag
Hepliaklqana
Kikubaaqudgha
Makhleb
Nemelex Xobeh
Okawaru
Qazlal
Ru
Sif Muna
Trog
Uskayaw
Vehumet
Wu Jian
Xom
Yredelemnul
Zin
The Shining One

Shops:
D:7 ?

Annotations:
D:8 Prince Ribbit


Innate Abilities, Weirdness & Mutations

You reflexively headbutt those who attack you in melee.
You have a pair of horns on your head.
Your life essence is reduced to manifest your ancestor. (-10% HP)


Message History

You block the yak's attack. x2; The yak gores you but does no damage.
You block the yak's attack.
Ultra hits the yak but does no damage.
Ultra drains the yak!
You block the yak's attack.
You slice the yak!!
The yak is heavily wounded.
You block the yak's attack. The yak gores you but does no damage.
The yak gores you!
* * * LOW HITPOINT WARNING * * *
The yak gores you.
* * * LOW HITPOINT WARNING * * *
Ultra hits the yak but does no damage.
You block the yak's attack.
You feel better. The yak gores you!
* * * LOW HITPOINT WARNING * * *
You block the yak's attack. The yak barely misses you.
You riposte.
You hit the yak. You headbutt the yak!
The yak is heavily wounded.
You block the yak's attack.
Ultra hits the yak with a dagger of draining!
Ultra drains the yak!
The yak gores you!
You die...

#.
#.#########
#........>.
#..........
#..........
#..........
#..Y.(.....
#R@Y.......
#YYY.......
#..........
#..........
#.#########
#. #. #.


You could see the friendly Ultra the hexer and 5 yaks.

Vanquished Creatures
  A two-headed ogre (D:8)
  Pikel (D:8)
  The ghost of Soeti the Insei, a novice OpTm of Cheibriados (D:5)
  A hippogriff (D:7)
  A yak (D:9)
  A hungry ghost (D:7)
  2 orc warriors (D:8)
  2 ice beasts
  A phantom (D:8)
  3 ogres
  2 centaurs
  A big kobold (D:7)
  3 bullfrogs
  2 scorpions
  9 killer bees (D:7)
  2 electric eels (D:7)
  3 howler monkeys
  A crimson imp (D:8)
  2 bullfrog zombies
  A hound (D:6)
  2 orc priests
  A centaur skeleton (D:6)
  5 jellies
  13 orc wizards
  A bullfrog skeleton (D:5)
  An iguana (D:5)
  3 worker ants
  A worker ant zombie (D:5)
  19 gnolls
  2 howler monkey skeletons
  7 adders
  2 shadow imps
  8 oozes (D:2)
  2 adder zombies (D:5)
  2 adder skeletons
  2 worms
  5 leopard geckos
  24 orcs
  A ball python (D:3)
  4 giant cockroaches
  7 goblins
  6 hobgoblins
  5 jackals
  3 quokkas
  7 bats
  4 frilled lizards
  20 kobolds
  4 rats
201 creatures vanquished.

Vanquished Creatures (collateral kills)
  A two-headed ogre (D:8)
  An ogre (D:7)
  A centaur (D:6)
  2 electric eels (D:7)
  A worker ant (D:6)
  An adder skeleton (D:7)
  3 orcs
  A jackal (D:8)
  2 kobolds (D:7)
13 creatures vanquished.

Vanquished Creatures (others)
  Joseph (D:8)
  A sky beast (D:8)
  A wyvern skeleton (D:8)
  2 ancestors
  2 fungi (D:2)
  2 plants (D:7)
  5 toadstools (D:2)
14 creatures vanquished.

Grand Total: 228 creatures vanquished

Notes
Turn   | Place    | Note
-------+----------+-------------------------------------------
     0 | D:1      | RoseArtemis the Minotaur Fighter began the quest for the Orb.
     0 | D:1      | Reached XP level 1. HP: 19/19 MP: 0/0
   128 | D:1      | Reached XP level 2. HP: 27/27 MP: 1/1
   237 | D:1      | Reached skill level 3 in Long Blades
   642 | D:2      | Reached XP level 3. HP: 33/33 MP: 2/2
   955 | D:2      | Reached XP level 4. HP: 28/40 MP: 3/3
   960 | D:2      | Reached skill level 4 in Long Blades
  1327 | D:2      | Reached XP level 5. HP: 25/47 MP: 4/4
  1620 | D:2      | Reached skill level 5 in Long Blades
  2014 | D:3      | Reached XP level 6. HP: 46/53 MP: 5/5
  2018 | D:3      | Reached skill level 5 in Armour
  2740 | D:4      | Reached skill level 5 in Shields
  2820 | D:4      | Reached skill level 5 in Fighting
  3194 | D:5      | Entered Level 5 of the Dungeon
  3200 | D:5      | Reached skill level 6 in Long Blades
  3201 | D:5      | Reached XP level 7. HP: 28/61 MP: 6/6
  3428 | D:5      | Reached skill level 7 in Long Blades
  3450 | D:5      | Noticed Soeti's ghost (novice OpTm)
  3465 | D:5      | Killed Soeti's ghost
  3465 | D:5      | Reached skill level 8 in Long Blades
  3594 | D:5      | Reached XP level 8. HP: 38/68 MP: 7/7
  4089 | D:5      | Found a staircase to the Ecumenical Temple.
  4136 | Temple   | Entered the Ecumenical Temple
  4344 | Temple   | Became a worshipper of Hepliaklqana the Forgotten
  4900 | D:6      | Reached skill level 9 in Long Blades
  5674 | D:7      | Reached skill level 10 in Long Blades
  5684 | D:7      | Noticed a hippogriff
  5695 | D:7      | Killed a hippogriff
  5695 | D:7      | Reached XP level 9. HP: 45/70 MP: 8/8
  6139 | D:7      | Reached skill level 11 in Long Blades
  7294 | D:7      | Found Vicij's Magic Scroll Shoppe.
  7298 | D:7      | Bought 3 scrolls of identify for 60 gold pieces
  7871 | D:7      | Reached * piety under Hepliaklqana
  8160 | D:8      | Reached skill level 12 in Long Blades
  8602 | D:8      | Noticed Pikel
  8603 | D:8      | Noticed Joseph
  8618 | D:8      | Killed Pikel
  8618 | D:8      | Reached XP level 10. HP: 63/81 MP: 9/9
  8624 | D:8      | Killed Joseph
  8889 | D:8      | Noticed a two-headed ogre
  8898 | D:8      | Killed a two-headed ogre
  8898 | D:8      | Reached skill level 13 in Long Blades
  9194 | D:8      | Noticed a two-headed ogre
  9202 | D:8      | Killed a two-headed ogre
  9342 | D:8      | Reached ** piety under Hepliaklqana
  9343 | D:8      | Remembered your ancestor Ultra as a hexer
  9624 | D:8      | Noticed Prince Ribbit
  9762 | D:8      | Found a bloodstained altar of Trog.
 10112 | D:9      | HP: 4/81 [yak (4)]
 10113 | D:9      | Mangled by a yak

Vault maps used:
D:1:      ncdulo_lavacross
D:2:      cheibrodos_fertilizer, minmay_quantized
D:3:      minmay_door_path
D:4:      first_ration, corexii_hall_statues_x
D:5:      minmay_temple_entry_butterflies
D:7:      wad_lake_hut, serial_shops, shop
D:8:      lemuel_doored_altar, uniq_prince_ribbit1, uniq_pikel, uniq_joseph
Temple:   kilobyte_greek_temple

Skill      XL: |  1  2  3  4  5  6  7  8  9 10 |
---------------+-------------------------------+-----
Long Blades    | 3 4 5 6 8 10 12 13 | 13.5
Shields        | 4 5 6 7 |  7.5
Fighting       | 4 5 6 8 9 |  9.6
Armour         | 4 5 6 8 |  8.0

Action                   |  1- 3 |  4- 6 |  7- 9 | 10-12 || total
-------------------------+-------+-------+-------+-------++-------
Melee: Long sword        |    82 |   139 |   322 |    74 ||   617
       Headbutt          |     9 |    31 |    56 |    27 ||   123
Invok: Ancestor Identity |       |       |     1 |       ||     1
       Ancestor Life: He |       |       |       |     1 ||     1
  Use: Scroll            |     3 |     2 |     8 |     1 ||    14
       Potion            |       |     1 |       |     2 ||     3
 Stab: Distracted        |       |       |     1 |       ||     1
  Eat: Chunk             |       |     7 |    12 |     2 ||    21
       Ration            |       |       |     2 |     1 ||     3
Armor: Scale mail        |    34 |    44 |    75 |    20 ||   173
Dodge: Dodged            |    24 |    48 |    72 |     9 ||   153
Block: Shield            |    36 |    81 |    99 |       ||   216
       Large shield      |       |       |    67 |    47 ||   114
       Rpst.: Long sword |     6 |    16 |    16 |     3 ||    41

Table legend:
 A = Spawn XP
 B = Non-spawn XP
 C = Spawn XP percentage of total XP
 D = Spawn monster count
 E = Non-spawn monster count
 F = Spawn count percentage of total count
 G = Total turns spent on level
                    A         B        C        D         E        F      G
               +---------+---------+-------+---------+---------+-------+---------
         Total |       0 |    8612 |   0.0 |       0 |     215 |   0.0 | 10113
               +---------+---------+-------+---------+---------+-------+---------
           D:1 |       0 |      30 |   0.0 |       0 |      19 |   0.0 |   489
           D:2 |       0 |     320 |   0.0 |       0 |      42 |   0.0 |  1416
           D:3 |       0 |     114 |   0.0 |       0 |      19 |   0.0 |   798
           D:4 |       0 |     123 |   0.0 |       0 |       7 |   0.0 |   491
           D:5 |       0 |     925 |   0.0 |       0 |      19 |   0.0 |  1184
           D:6 |       0 |     675 |   0.0 |       0 |      29 |   0.0 |  1015
           D:7 |       0 |    2209 |   0.0 |       0 |      48 |   0.0 |  2321
           D:8 |       0 |    4000 |   0.0 |       0 |      31 |   0.0 |  2135
           D:9 |       0 |     216 |   0.0 |       0 |       1 |   0.0 |    13
               +---------+---------+-------+---------+---------+-------+---------
